 Dungeon Crawl Stone Soup version 0.23.2-40-g277498a001 (webtiles) character file.

Game seed: 9568046772678349790

516 Felnil the Shield-Bearer (level 7, 0/60 HPs)
             Began as a Gnoll Fighter on Aug 12, 2019.
             Was a Follower of Ru.
             Slain by Edmund the wolf (8 damage)
             ... on level 5 of the Dungeon.
             The game lasted 00:11:36 (4053 turns).

Felnil the Shield-Bearer (Gnoll Fighter)            Turns: 4053, Time: 00:11:37

Health: 0/60       AC: 14    Str: 20    XL:     7   Next: 20%
Magic:  10/10      EV:  8    Int:  5    God:    Ru [*.....]
Gold:   225        SH: 10    Dex: 15    Spells: 10/10 levels left

rFire    . . .     SeeInvis .   a - +0 long sword
rCold    + . .     Gourm    +   c - +0 shield
rNeg     . . .     Faith    .   b - +0 scale mail
rPois    .         Spirit   .   F - +0 helmet of the Cockroach {MR++ Int-5}
rElec    .         Reflect  .   s - +1 cloak
rCorr    .         Harm     .   (no gloves)
MR       ++...                  i - +2 pair of boots
Stlth    ..........             u - amulet of the gourmand
HPRegen  0.20/turn              n - ring of protection from cold
MPRegen  0.12/turn              (no ring)

@: no scrolls, heavily drained
A: distributed training, fangs 1, inability to read while threatened, strong
nose
a: Renounce Religion


You were on level 5 of the Dungeon.
You worshipped Ru.
Ru was aware of your devotion.
You were very hungry.

You visited 1 branch of the dungeon, and saw 5 of its levels.

You collected 225 gold pieces.

Inventory:

Hand Weapons
 a - a +0 long sword (weapon)
 m - a +0 dagger of pain
 A - a +0 hunting sling
Missiles
 g - 42 bolts
 h - 37 sling bullets
 j - 4 tomahawks of returning (quivered)
 o - 52 arrows
 p - 48 poisoned needles
 r - 110 stones
 y - 5 javelins
Armour
 b - a +0 scale mail (worn)
 c - a +0 shield (worn)
 i - a +2 pair of boots (worn)
 s - a +1 cloak (worn)
 F - the +0 helmet of the Cockroach (worn) {MR++ Int-5}
   (You found it on level 4 of the Dungeon)

   It affects your intelligence (-5).
   It affects your resistance to hostile enchantments.
Jewellery
 n - a ring of protection from cold (left hand)
 u - an amulet of the gourmand (around neck)
Wands
 G - a wand of polymorph (11)
Scrolls
 e - a scroll of enchant weapon {unknown}
 k - a scroll of identify
 q - 2 scrolls of magic mapping {unknown}
 t - 2 scrolls of teleportation {unknown}
 w - 3 scrolls of fog {unknown}
 E - a scroll of remove curse {unknown}
Potions
 d - a potion of might
 l - a potion of lignification
 v - a potion of resistance
 x - a potion of brilliance
 z - a potion of agility {unknown}
 B - a potion of haste {unknown}
 C - 3 potions of curing {unknown}
 D - a potion of ambrosia {unknown}
Comestibles
 f - 7 rations


   Skills:
 + Level 7.0(5.2) Fighting
 + Level 2.3(0.7) Short Blades
 + Level 5.1(3.5) Long Blades
 + Level 2.3(0.7) Axes
 + Level 2.3(0.7) Maces & Flails
 + Level 2.3(0.7) Polearms
 + Level 2.3(0.7) Staves
 + Level 2.3(0.7) Slings
 + Level 2.3(0.7) Bows
 + Level 2.3(0.7) Crossbows
 + Level 2.3(0.7) Throwing
 + Level 7.0(5.2) Armour
 + Level 2.3(0.7) Dodging
 + Level 2.3(0.7) Stealth
 + Level 7.0(5.2) Shields
 + Level 2.3(0.7) Unarmed Combat
 + Level 2.3(0.7) Spellcasting
 + Level 1.8(0.3) Conjurations
 + Level 1.8(0.3) Hexes
 + Level 1.8(0.3) Charms
 + Level 1.8(0.3) Summonings
 + Level 1.8(0.3) Necromancy
 + Level 1.8(0.3) Translocations
 + Level 1.8(0.3) Transmutations
 + Level 1.8(0.3) Fire Magic
 + Level 1.8(0.3) Ice Magic
 + Level 1.8(0.3) Air Magic
 + Level 1.8(0.3) Earth Magic
 + Level 1.8(0.3) Poison Magic
 + Level 2.5(1.0) Invocations
 + Level 2.3(0.7) Evocations


You had 10 spell levels left.
You didn't know any spells.
Your spell library was empty.

Dungeon Overview and Level Annotations

Branches:
Dungeon (5/15)
 Temple: D:4-7

Altars:
Ashenzari
Makhleb
Ru
The Shining One

Annotations:
D:5 Edmund


Innate Abilities, Weirdness & Mutations

Your experience applies equally to all skills.
You have very sharp teeth.
You cannot read scrolls while threatened.
Your uncanny sense of smell can sniff out nearby items.


Message History

Edmund bites you but does no damage. Something hits you but does no damage.
Edmund stops to sniff the ground.
Edmund completely misses you. The orc barely misses you.
You slash the orc!
You kill the orc!
You can read scrolls again.
You block Edmund's attack. Something hits you but does no damage.
Edmund bites you.
* * * LOW HITPOINT WARNING * * *
Something hits you but does no damage.
You block Edmund's attack. x2; Something hits you but does no damage.
You barely miss Edmund. Edmund bites you.
* * * LOW HITPOINT WARNING * * *
Something hits you but does no damage. You block Edmund's attack.
You hear some strange, mumbled words.
A puff of frost appears from out of thin air!
The puff of frost misses you.
You barely miss Edmund. You block Edmund's attack. Edmund bites you!
You feel threatened and lose the ability to read scrolls!
You die...

+(@.....).....#
#..........)..###
##+##........##)#....
# #...#......รท.##)#
#.
###.#...#........##.##
#.
......).#.?......#...#
#.
#..).^......#...###.
#.)h#./.#####...#...
+.{@+...# #...#...
#...#...# #...#...
#...#...# ##......
#...#...# #######
#####[..# #...# #####


You could see Edmund the wolf.

Vanquished Creatures
  A necrophage (D:5)
  A jelly (D:5)
  An orc priest (D:4)
  An iguana (D:4)
  2 orc wizards
  2 worker ants (D:4)
  A hound skeleton (D:4)
  4 gnolls
  7 adders
  A shadow imp (D:5)
  3 oozes
  2 adder skeletons (D:4)
  A worm (D:4)
  A dart slug (D:3)
  13 orcs
  5 bats
  7 giant cockroaches
  9 goblins
  4 hobgoblins
  4 quokkas
  2 ball pythons
  6 frilled lizards
  10 kobolds
  A quokka skeleton (D:4)
  8 rats
97 creatures vanquished.

Notes
Turn   | Place    | Note
-------+----------+-------------------------------------------
     0 | D:1      | Felnil the Gnoll Fighter began the quest for the Orb.
     0 | D:1      | Reached XP level 1. HP: 23/23 MP: 1/1
    97 | D:1      | Reached XP level 2. HP: 27/29 MP: 2/2
   309 | D:1      | Reached XP level 3. HP: 35/35 MP: 3/3
   751 | D:2      | Reached skill level 1 in Invocations
   818 | D:2      | Reached skill level 1 in Short Blades
   818 | D:2      | Reached skill level 1 in Axes
   818 | D:2      | Reached skill level 1 in Maces & Flails
   818 | D:2      | Reached skill level 1 in Polearms
   818 | D:2      | Reached skill level 1 in Staves
   818 | D:2      | Reached skill level 1 in Slings
   818 | D:2      | Reached skill level 1 in Bows
   818 | D:2      | Reached skill level 1 in Crossbows
   818 | D:2      | Reached skill level 1 in Throwing
   818 | D:2      | Reached skill level 1 in Dodging
   818 | D:2      | Reached skill level 1 in Stealth
   818 | D:2      | Reached skill level 1 in Unarmed Combat
   818 | D:2      | Reached skill level 1 in Spellcasting
   818 | D:2      | Reached skill level 1 in Evocations
   990 | D:2      | Reached XP level 4. HP: 32/41 MP: 5/5
  1741 | D:3      | Found a sacrificial altar of Ru.
  1756 | D:3      | Became a worshipper of Ru the Awakened
  1786 | D:3      | Reached skill level 1 in Conjurations
  1786 | D:3      | Reached skill level 1 in Hexes
  1786 | D:3      | Reached skill level 1 in Charms
  1786 | D:3      | Reached skill level 1 in Summonings
  1786 | D:3      | Reached skill level 1 in Necromancy
  1786 | D:3      | Reached skill level 1 in Translocations
  1786 | D:3      | Reached skill level 1 in Transmutations
  1786 | D:3      | Reached skill level 1 in Fire Magic
  1786 | D:3      | Reached skill level 1 in Ice Magic
  1786 | D:3      | Reached skill level 1 in Air Magic
  1786 | D:3      | Reached skill level 1 in Earth Magic
  1786 | D:3      | Reached skill level 1 in Poison Magic
  1965 | D:3      | Found a glowing golden altar of the Shining One.
  2096 | D:3      | Found a sacrificial altar of Ru.
  2296 | D:4      | Reached XP level 5. HP: 39/47 MP: 6/6
  2421 | D:4      | Found a shattered altar of Ashenzari.
  3031 | D:4      | Found a burning altar of Makhleb.
  3090 | D:4      | Reached XP level 6. HP: 53/53 MP: 8/8
  3463 | D:4      | Reached skill level 5 in Long Blades
  3470 | D:4      | Got a transparent helmet
  3476 | D:4      | Identified the +0 helmet of the Cockroach {MR++ Int-5} (You
                  | found it on level 4 of the Dungeon)
  3597 | D:5      | Entered Level 5 of the Dungeon
  3644 | D:5      | Gained mutation: You cannot read scrolls while threatened.
                  | [Ru sacrifice]
  3644 | D:5      | Reached * piety under Ru
  3668 | D:5      | Noticed a necrophage
  3677 | D:5      | Killed a necrophage
  3696 | D:5      | Reached XP level 7. HP: 17/59 MP: 10/10
  3706 | D:5      | HP: 2/59 [gnoll/cursed -3 spear (5)]
  4022 | D:5      | Noticed Edmund
  4044 | D:5      | Noticed Edmund
  4044 | D:5      | Edmund changed into Edmund the wolf
  4053 | D:5      | Slain by Edmund the wolf

Skill      XL: |  1  2  3  4  5  6  7 |
---------------+----------------------+-----
Invocations    | 1 2 |  2.5
Short Blades   | 1 2 |  2.3
Axes           | 1 2 |  2.3
Maces & Flails | 1 2 |  2.3
Polearms       | 1 2 |  2.3
Staves         | 1 2 |  2.3
Slings         | 1 2 |  2.3
Bows           | 1 2 |  2.3
Crossbows      | 1 2 |  2.3
Throwing       | 1 2 |  2.3
Dodging        | 1 2 |  2.3
Stealth        | 1 2 |  2.3
Unarmed Combat | 1 2 |  2.3
Spellcasting   | 1 2 |  2.3
Evocations     | 1 2 |  2.3
Conjurations   | 1 |  1.8
Hexes          | 1 |  1.8
Charms         | 1 |  1.8
Summonings     | 1 |  1.8
Necromancy     | 1 |  1.8
Translocations | 1 |  1.8
Transmutations | 1 |  1.8
Fire Magic     | 1 |  1.8
Ice Magic      | 1 |  1.8
Air Magic      | 1 |  1.8
Earth Magic    | 1 |  1.8
Poison Magic   | 1 |  1.8
Long Blades    | 5 |  5.1
Fighting       | 7 |  7.0
Armour         | 7 |  7.0
Shields        | 7 |  7.0

Action                   |  1- 3 |  4- 6 |  7- 9 || total
-------------------------+-------+-------+-------++-------
Melee: Long sword        |    68 |   219 |    37 ||   324
       Bite              |    10 |    23 |     5 ||    38
Invok: Sacrifice Words   |       |     1 |       ||     1
Evoke: Wand              |       |       |     3 ||     3
  Use: Scroll            |       |     4 |       ||     4
       Potion            |       |     1 |       ||     1
  Eat: Chunk             |       |    11 |       ||    11
Armor: Scale mail        |    21 |    91 |    41 ||   153
Dodge: Dodged            |    23 |    73 |    36 ||   132
Block: Shield            |    49 |   142 |    49 ||   240
       Rpst.: Long sword |     5 |    21 |     7 ||    33
